 Dungeon Crawl Stone Soup version 0.23-a0-448-g1c01f63 (webtiles) character file.

32 Lavandula the Gusty (level 3, -3/28 HPs)
             Began as a Naga Air Elementalist on Nov 20, 2018.
             Slain by Grinder (6 damage)
             ... while paralysed by Grinder
             ... on level 3 of the Dungeon.
             The game lasted 00:03:12 (415 turns).

Lavandula the Gusty (Naga Air Elementalist)          Turns: 415, Time: 00:03:12

Health: -3/28      AC:  2    Str: 10    XL:     3   Next: 27%
Magic:  6/7        EV:  1    Int: 16    God:
Gold:   57         SH:  0    Dex: 11    Spells: 4/8 levels left

rFire    . . .     SeeInvis +   g - +0 short sword (holy)
rCold    . . .     Gourm    .   (no shield)
rNeg     . . .     Faith    .   a - +0 robe
rPois    +         Spirit   .   (no helmet)
rElec    .         Reflect  .   (no cloak)
rCorr    .         Harm     .   (no gloves)
MR       .....                  (no barding)
Stlth    ++........             (no amulet)
HPRegen  0.09/turn              (no ring)
MPRegen  0.10/turn              (no ring)

@: paralysed, short of breath, very slow
A: large, see invisible, deformed body, poison resistance, slowness 2, slow
metabolism 1, spit poison 1, AC +1
a: Spit Poison


You were on level 3 of the Dungeon.
You were not hungry.

You visited 1 branch of the dungeon, and saw 3 of its levels.

You collected 57 gold pieces.

Inventory:

Hand Weapons
 g - a +0 short sword of holy wrath (weapon)
Armour
 a - a +0 robe (worn)
 b - a +1 robe of cold resistance
Scrolls
 d - a scroll of remove curse {unknown}
Potions
 f - a potion of haste {unknown}
Comestibles
 c - a ration


   Skills:
 - Level 1.5 Dodging
 - Level 3.0 Stealth
 - Level 3.0 Spellcasting
 - Level 1.0 Conjurations
 + Level 3.5 Air Magic


You had 4 spell levels left.
You knew the following spells:

 Your Spells              Type           Power        Failure   Level  Hunger
a - Shock                 Conj/Air       #...         8%          1    #......
b - Static Discharge      Conj/Air       #.......     22%         3    ###....

Your spell library contained the following spells:

 Spells                   Type           Power        Failure   Level  Hunger
 Swiftness                Chrm/Air       #.......     14%         2    ##.....
 Airstrike                Air            ##........   41%         4    #####..
 Lightning Bolt           Conj/Air       #.........   90%         5    ######.


Dungeon Overview and Level Annotations

Branches:
Dungeon (3/15)

Altars:
Ashenzari

Annotations:
D:3 Grinder


Innate Abilities, Weirdness & Mutations

You cannot wear boots.
Your serpentine skin is tough. (AC +1)
You have supernaturally acute eyesight. (SInv)
Armour fits poorly on your strangely shaped body.
Your system is resistant to poisons. (rPois)
You cover ground very slowly.
You have a slow metabolism.
You can spit poison.


Message History

Grinder is heavily wounded.
Grinder hits you.
You barely miss Grinder.
Grinder is heavily wounded.
Grinder hits you.
* * * LOW HITPOINT WARNING * * *
You writhe in agony.
* * * LOW HITPOINT WARNING * * *
Unknown command.
Press: ? - help, Shift-Dir - straight line, f/p - Grinder
Aim: Grinder (heavily wounded)
The splash of poison hits Grinder.
Grinder completely resists.
Grinder is heavily wounded.
You feel slightly more hungry. Grinder gestures at you.
You suddenly lose the ability to move!
Grinder hits you.
* * * LOW HITPOINT WARNING * * *
You writhe in agony.
You die...

#.# .. #.# ## #.# #.#
#.# #.# #+##### #.#
.......
#.#############.......
#...........@5........
##############........
#........ .........
###....... #+#####


You could see Grinder.

Vanquished Creatures
  2 adders
  A worm (D:2)
  2 bats
  2 goblins (D:2)
  A hobgoblin (D:2)
  2 frilled lizards
  3 kobolds
  A rat (D:2)
14 creatures vanquished.

Notes
Turn   | Place    | Note
-------+----------+-------------------------------------------
     0 | D:1      | Lavandula the Naga Air Elementalist began the quest for the
                  | Orb.
     0 | D:1      | Reached XP level 1. HP: 15/15 MP: 3/3
   144 | D:2      | Reached XP level 2. HP: 16/22 MP: 0/5
   146 | D:2      | Found a shattered altar of Ashenzari.
   306 | D:3      | Reached XP level 3. HP: 28/28 MP: 4/7
   311 | D:3      | Learned a level 3 spell: Static Discharge
   399 | D:3      | Noticed Grinder
   414 | D:3      | Paralysed by Grinder for 7 turns
   415 | D:3      | Slain by Grinder

Vault maps used:
D:1:      ebering_hopf_link, skrybe_limestone_x, minmay_distorted
D:2:      evilmike_ruin_ashenzari, first_ration, minmay_rat_gold_closets
D:3:      chequers_ecumenical_altar_grove, uniq_terence, uniq_grinder,
          uniq_robin

Skill      XL: |  1  2 |
---------------+-------+-----
Spellcasting   | 3 |  3.0
Dodging        | |  1.5
Stealth        | |  3.0
Conjurations   | |  1.0
Air Magic      | |  3.5

Action                   || total
-------------------------++-------
Melee: Unarmed           ||    15
       Short sword       ||     7
 Cast: Shock             ||    24
 Abil: Spit Poison       ||    10
  Use: Potion            ||     1
 Stab: Sleeping          ||     1
Armor: Robe              ||     6
Dodge: Dodged            ||    11

Table legend:
 A = Non-vault XP
 B = Vault XP
 C = Vault XP percentage of total XP
 D = Non-vault monster count
 E = Vault monster count
 F = Vault count percentage of total count
                 A         B        C        D         E       F
            +---------+---------+-------+---------+---------+-------
      Total |      47 |       0 |   0.0 |      14 |       0 |   0.0
            +---------+---------+-------+---------+---------+-------
        D:1 |       2 |       0 |   0.0 |       2 |       0 |   0.0
        D:2 |      29 |       0 |   0.0 |       9 |       0 |   0.0
        D:3 |      16 |       0 |   0.0 |       3 |       0 |   0.0
            +---------+---------+-------+---------+---------+-------
